 Dungeon Crawl Stone Soup version 0.18.1-50-g88ac8fd (webtiles) character file.

51 magog001 the Scratcher (level 3, -2/15 HPs)
             Began as a Felid Transmuter on Apr 10, 2018.
             Slain by a worm (8 damage)
             ... on level 2 of the Dungeon.
             The game lasted 00:08:37 (2425 turns).

magog001 the Scratcher (Felid Transmuter)           Turns: 2425, Time: 00:08:37

Health: -2/15      AC:  1    Str:  6    XL:     3   Next: 57%
Magic:  6/7        EV: 19    Int: 15    God:
Gold:   150        SH:  0    Dex: 16    Spells: 1 memorised, 5 levels left
                                        Lives:  0   Deaths: 0

rFire  . . .     SeeInvis +       - Unarmed
rCold  . . .     Gourm    .     (armour unavailable)
rNeg   . . .     Faith    .     (shield unavailable)
rPois  .         Spirit   .     (helmet unavailable)
rElec  .         Dismiss  .     (cloak unavailable)
rCorr  .         Reflect  .     (gloves unavailable)
SustAt .         Harm     .     (boots unavailable)
MR     .....                    (no amulet)
Stlth  ++........               (no ring)
                                (no ring)

@: appendage, quick, not resistant to hostile enchantments, unstealthy
A: no armour, no weapons or thrown items, claws 1, fangs 3, horns 2, see
invisible, carnivore 3, speed 1, shaggy fur 1, slow metabolism 1, sharp paws
a: End Transformation


You were on level 2 of the Dungeon.
You were completely stuffed.
You had grown temporary horns.
You visited 1 branch of the dungeon, and saw 2 of its levels.

You collected 150 gold pieces.

Inventory:

Missiles
 a - 53 arrows
Scrolls
 d - 2 scrolls of identify {unknown}
 e - a scroll of remove curse
 f - a scroll of enchant weapon {unknown}
 j - a scroll of random uselessness {unknown}
 l - a scroll of amnesia {unknown}
 m - 2 scrolls of immolation {unknown}
Potions
 g - a potion of degeneration {unknown}
 h - a potion of invisibility {unknown}
 i - a potion of resistance {unknown}
 k - a potion of flight {unknown}
 o - a potion of might {unknown}
Books
 b - a book of Changes

   Spells                             Type                      Level
   a - Beastly Appendage              Transmutation                1
   b - Sticks to Snakes               Transmutation                2
   c - Spider Form                    Transmutation/Poison         3
   d - Ice Form                       Ice/Transmutation            4
   e - Blade Hands                    Transmutation                5
Comestibles
 c - 2 meat rations
 n - a chunk of flesh


   Skills:
 * Level 1.3 Fighting
 * Level 3.6 Dodging
 * Level 0.8 Stealth
 * Level 3.8 Unarmed Combat
 + Level 2.2 Spellcasting
 + Level 2.2 Transmutations


You had 5 spell levels left.
You knew the following spells:

 Your Spells              Type           Power        Failure   Level  Hunger
a - Beastly Appendage     Trmt           #.....       12%         1    #......


Dungeon Overview and Level Annotations

Branches:
Dungeon (2/15)

Altars:


Innate Abilities, Weirdness & Mutations

You cannot wear armour.
You are incapable of wielding weapons or throwing items.
You have sharp claws.
You have razor-sharp teeth.
You have supernaturally acute eyesight.
You are carnivorous and can eat meat at any time.
You cover ground quickly.
You are covered in fur (AC +1).
You have a slow metabolism.
Your sharp claws are effective at attacking unaware monsters.
You have a pair of horns on your head.


Message History

Found a beef jerky.
Casting: Beastly Appendage
Confirm with . or Enter, or press ? or * to list all spells.
You grow a pair of large bovine horns.
You claw the worm!
The worm is moderately wounded.
The worm bites you!
Ouch! That really hurt!
You scratch the worm but do no damage.
The worm is moderately wounded.
You scratch the worm. You headbutt the worm.
The worm is severely wounded.
The worm completely misses you.
You barely miss the worm.
The worm is severely wounded.
You scratch the worm.
The worm is almost dead.
The worm bites you!
Ouch! That really hurt!
You die...

### ..# #.# #.# ###########
#.########## #.....%....
#.##.......# #....############
..##.#####.# #....##.........#
.......# #.####....##'#######.#
.......###.##...@...........#.#
...............#w#.)....###.#.#
...............#.#......###.#.#
......[......###.###........#.#
.............# ... #.....#....#
.......##..### ###
###...'.<..### .......###.#
#...#....#.. .......###.###
###.......)#.# .............#
#...........>#


You could see a worm.

Vanquished Creatures
  An adder (D:2)
  2 worms (D:2)
  A dart slug (D:1)
  2 giant cockroaches
  4 goblins
  7 hobgoblins
  5 bats
  3 giant newts
  4 kobolds
  4 rats
  A fungus (D:2)
34 creatures vanquished.

Notes
Turn   | Place    | Note
--------------------------------------------------------------
     0 | D:1      | magog001 the Felid Transmuter began the quest for the Orb.
     0 | D:1      | Reached XP level 1. HP: 9/9 MP: 4/4
   286 | D:1      | Reached XP level 2. HP: 12/12 MP: 6/6
  1706 | D:2      | Reached XP level 3. HP: 5/15 MP: 7/7
  2425 | D:2      | Slain by a worm

Skill      XL: |  1  2 |
---------------+-------+-----
Dodging        | 3 |  3.6
Fighting       | |  1.3
Stealth        | |  0.8
Unarmed Combat | |  3.8
Spellcasting   | |  2.2
Transmutations | |  2.2

Action                   || total
-------------------------++-------
Melee: Unarmed           ||   135
       Headbutt          ||     6
       Bite              ||     7
 Cast: Beastly Appendage ||     5
  Use: Scroll            ||     1
 Stab: Sleeping          ||     4
  Eat: Chunk             ||    10
Armor: Skin              ||     7
Dodge: Dodged            ||    86
